 Dungeon Crawl Stone Soup version 0.29.0-4-gdea44cf6ec (webtiles) character file.

Game seed: 13487213123045692353

43 qw the Chopper (level 3, -1/23 HPs)
             Began as a Gargoyle Berserker on Sept 5, 2022.
             Was a Believer of Trog.
             Slain by Sigmund
             ... wielding a +0 scythe
              (8 damage)
             ... on level 2 of the Dungeon.
             The game lasted 00:00:36 (1660 turns).

qw the Chopper (Gargoyle Berserker)                 Turns: 1660, Time: 00:00:36

Health: -1/23      AC: 13    Str: 22    XL:     3   Next: 58%
Magic:  3/3        EV:  8    Int:  7    God:    Trog [**....]
Gold:   65         SH:  0    Dex:  9    Spells: 2/2 levels left

rFire   . . .      SeeInvis .   Y - +1 hand axe
rCold   . . .      Faith    .   (no shield)
rNeg    + . .      Spirit   .   j - +0 chain mail
rPois   inf        Reflect  .   e - +0 helmet
rElec   +          Harm     .   (no cloak)
rCorr   .          Rampage  .   (no gloves)
Will    .....                   (no boots)
Stlth   ..........              (no amulet)
HPRegen 0.07/turn               (no ring)
MPRegen 0.08/turn               (no ring)

@: on berserk cooldown
A: sickness immunity, AC +3, negative energy resistance 1, electricity
resistance, torment resistance 1, petrification resistance
a: Renounce Religion, Berserk, Trog's Hand


You were on level 2 of the Dungeon.
You worshipped Trog.
Trog was pleased with you.
You visited 1 branch of the dungeon, and saw 2 of its levels.

You collected 65 gold pieces.


Innate Abilities, Weirdness & Mutations

You are immune to sickness and miasma.
Your stone body is resilient. (AC +3)
You are immune to poison.
You resist negative energy. (rN+)
You are resistant to electric shocks. (rElec)
You are resistant to unholy torment.
You are immune to petrification.


   Skills:
 - Level 3.2 Fighting
 + Level 4.1 Axes
 - Level 2.1 Armour
 - Level 1.5 Dodging


You had 2 spell levels left.
You didn't know any spells.
Your spell library was empty.

Inventory:

Hand Weapons
 d - a +0 whip
 Y - a +1 hand axe (weapon)
Armour
 a - the +1 hat of Oxaileuw {rElec rPois Will+ Int-5 SInv}
   (You acquired it on level 1 of the Dungeon)

   Int:       It affects your intelligence (-5).
   rElec:     It insulates you from electricity.
   rPois:     It protects you from poison.
   SInv:      It lets you see invisible.
   Will:      It increases your willpower.
 b - a +0 pair of boots
 e - a +0 helmet (worn)
 j - a +0 chain mail (worn)
Potions
 c - a potion of invisibility {unknown}
 f - a potion of curing {unknown}
 i - a potion of ambrosia {unknown}
 k - a potion of lignification {unknown}

Dungeon Overview and Level Annotations

Branches:
Dungeon (2/15)

Altars:

Shops:
D:1 *

Annotations:
D:2 Sigmund


Message History

You hit the hobgoblin. Something hits you but does no damage.
The hobgoblin hits you but does no damage.
The worm bites you but does no damage. Something hits you but does no damage.
The hobgoblin hits you but does no damage.
You barely miss the hobgoblin.
The hobgoblin is severely wounded.
You hit the worm. The worm bites you but does no damage.
The hobgoblin misses you. Something hits you but does no damage.
You hit the hobgoblin.
You kill the hobgoblin!
Trog accepts your kill.
You hit the worm. The worm closely misses you.
Something hits you but does no damage.
You slash the worm!
You kill the worm!
Trog accepts your kill.
You hear some strange, mumbled words.
You are confused.
You're too confused to attack without stumbling around!
You start resting.
You feel yourself speed up. Something hits you.
You're too confused to attack without stumbling around!
There is a strange disturbance nearby!
Sigmund appears from thin air!
Reactivating autopickup.
Sigmund casts a spell at you.
The magic dart hits you but does no damage.
You bump into the rock wall.
Sigmund closely misses you. Sigmund gestures at you while chanting.
The magic dart hits you.
You see here a worm corpse.
You bump into the rock wall.
Sigmund hits you with a +0 scythe.
You feel less confused. Sigmund hits you with a +0 scythe!
You die...

#........#...###.#...#
##########...# #.#####
..........###.######
########..##.......#
..................#
##########.g......#
#.#.#########
.###########.#..........
........@>...##########.
.....####@####
####.####.##########.
#....%....%..!....
..###...####.......
......## ....... ..##.#.
....... #.#. ....... #
#. .......


You could see Sigmund.

Vanquished Creatures
  A worm (D:2)
  A dart slug (D:1)
  6 ball pythons
  3 bats (D:1)
  3 endoplasms
  2 goblins
  5 hobgoblins
  3 quokkas (D:1)
  4 frilled lizards
  2 kobolds (D:1)
  5 rats (D:1)
35 creatures vanquished.

Vanquished Creatures (others)
  3 plants (D:1)
3 creatures vanquished.

Grand Total: 38 creatures vanquished

Notes
Turn   | Place    | Note
-------+----------+-------------------------------------------
     0 | D:1      | qw the Gargoyle Berserker began the quest for the Orb.
     0 | D:1      | Reached XP level 1. HP: 14/14 MP: 1/1
     0 | D:1      | 0 ||| qw: Version: 0.1-a-104-g96f76f8
     0 | D:1      | 0 ||| qw: Game counter: 5906
     0 | D:1      | 0 ||| qw: Always use a shield: true
     0 | D:1      | 0 ||| qw: Do Orc after D:15 true
     0 | D:1      | 0 ||| qw: Do second Lair branch before Depths: true
     0 | D:1      | 0 ||| qw: Lair rune preference: random
     0 | D:1      | 0 ||| qw: Plans: Normal
     0 | D:1      | 0 ||| PLANNING D:1-11
    24 | D:1      | Reached skill level 3 in Axes
   134 | D:1      | Reached XP level 2. HP: 12/19 MP: 2/2
   240 | D:1      | 240 ||| DROPPING +0 club.
   315 | D:1      | Found Tutingot's General Store.
   320 | D:1      | 320 ||| SHOPLISTING potion of might (52 gold, have 11).
   320 | D:1      | 320 ||| SHOPLISTING scroll of teleportation (39 gold, have
                  | 11).
   371 | D:1      | 371 ||| INVOKING Berserk.
   813 | D:1      | 813 ||| Stepping ~*~*~tactically~*~*~ (stealth).
   820 | D:1      | 820 ||| Stepping ~*~*~tactically~*~*~ (stealth).
  1026 | D:1      | Reached XP level 3. HP: 16/23 MP: 3/3
  1133 | D:1      | Found a faded altar of an unknown god.
  1164 | D:1      | 1164 ||| Stepping ~*~*~tactically~*~*~ (stealth).
  1167 | D:1      | 1167 ||| Stepping ~*~*~tactically~*~*~ (stealth).
  1173 | D:1      | 1173 ||| Stepping ~*~*~tactically~*~*~ (stealth).
  1194 | D:1      | Reached ** piety under Trog
  1470 | D:1      | 1470 ||| UPGRADING to +0 helmet.
  1475 | D:1      | 1475 ||| UPGRADING to +0 chain mail.
  1485 | D:1      | 1485 ||| DROPPING +0 animal skin.
  1486 | D:1      | 1486 ||| DROPPING ring of flight.
  1487 | D:1      | 1487 ||| READING scroll labelled BECES VOXKIACS.
  1488 | D:1      | 1488 ||| READING scroll labelled ACVUIR AXUEH.
  1489 | D:1      | 1489 ||| READING scroll labelled DOGGEXZ WUCS.
  1490 | D:1      | 1490 ||| READING scroll labelled SOETRESTYA.
  1490 | D:1      | Identified a scroll of acquirement
  1490 | D:1      | 1490 ||| ACQUIRING +1 hat of Oxaileuw {rElec rPois Will+
                  | Int-5 SInv}
  1490 | D:1      | Acquired the +1 hat of Oxaileuw {rElec rPois Will+ Int-5
                  | SInv}
  1619 | D:2      | Reached skill level 4 in Axes
  1623 | D:2      | Noticed Sigmund
  1624 | D:2      | 1624 ||| Stepping ~*~*~tactically~*~*~ (stealth).
  1626 | D:2      | 1626 ||| Stepping ~*~*~tactically~*~*~ (hiding).
  1627 | D:2      | 1627 ||| Stepping ~*~*~tactically~*~*~ (hiding).
  1632 | D:2      | 1632 ||| INVOKING Berserk.
  1641 | D:2      | 1641 ||| FLEEEEING.
  1642 | D:2      | 1642 ||| FLEEEEING.
  1643 | D:2      | 1643 ||| FLEEEEING.
  1644 | D:2      | 1644 ||| FLEEEEING.
  1645 | D:2      | 1645 ||| FLEEEEING.
  1646 | D:2      | 1646 ||| FLEEEEING.
  1660 | D:2      | Slain by Sigmund

Levels and vault maps discovered:
D:1:      minmay_arrival_diagonal_passages, layout_loops_ring, serial_shops,
          nicolae_shop_stone, nicolae_ecumenical_snake_handling,
          grunt_decor_resistance, serial_bayou_pond_c
D:2:      layout_basic, basic_altar, uniq_sigmund

Skill      XL: |  1  2  3 |
---------------+----------+-----
Axes           | 3 4 |  4.1
Fighting       | |  3.2
Armour         | |  2.1
Dodging        | |  1.5

Action                   || total
-------------------------++-------
Melee: Hand axe          ||   109
       Punch             ||     2
Invok: Berserk           ||     2
  Use: Scroll            ||     4
Armor: Animal skin       ||    29
       Chain mail        ||    24
Dodge: Dodged            ||    47

Table legend:
 A = Non-vault XP
 B = Vault XP
 C = Vault XP percentage of total XP
 D = Non-vault monster count
 E = Vault monster count
 F = Vault count percentage of total count
                 A         B        C        D         E       F
            +---------+---------+-------+---------+---------+-------
      Total |      59 |       3 |   4.8 |      33 |       2 |   5.7
            +---------+---------+-------+---------+---------+-------
        D:1 |      44 |       3 |   6.4 |      26 |       2 |   7.1
        D:2 |      15 |       0 |   0.0 |       7 |       0 |   0.0
            +---------+---------+-------+---------+---------+-------
